 Dungeon Crawl Stone Soup version 0.30.0-29-ga12c61a403 (webtiles) character file.

Game seed: 14997973135858304636

788 monsoonserge the Slasher (level 8, 50/58 (68) HPs)
             Began as a Meteoran Monk on June 15, 2023.
             Quit the game on level 6 of the Dungeon.
             The game lasted 00:18:16 (2398 turns).

monsoonserge the Slasher (Meteoran Monk)            Turns: 2398, Time: 00:18:17

HP:   50/58 (68)    AC:  2    Str: 12    XL:     8   Next: 34%
MP:   10/10         EV: 15    Int: 17    God:
Gold: 412           SH:  0    Dex: 18    Spells: 5/9 levels left

rFire   + . .        a - +0 falchion
rCold   + . .        d - orb {light}
rNeg    . . .        o - +0 robe {rC+ rF+}
rPois   +            (no helmet)
rElec   .            (no cloak)
rCorr   .            (no gloves)
SInv    .            (no boots)
Will    +....        (no amulet)
Stlth   +            i - +6 ring of intelligence
HPRegen 0.29/turn    z - ring of poison resistance
MPRegen 0.12/turn

%: no passive effects
@: glowing, heavily drained
A: sense surroundings 1, otherworldly, glowing, explore regen, weak 1, noise
suppression
a: no special abilities


You were on level 6 of the Dungeon.
You visited 1 branch of the dungeon, and saw 6 of its levels.

You collected 412 gold pieces.

Inventory:

Hand Weapons
 a - a +0 falchion (weapon)
Missiles
 k - 2 silver boomerangs
 v - 2 poisoned darts (quivered)
 w - 2 boomerangs
Armour
 b - a +0 robe
 d - an orb of light (worn)
 j - a +0 leather armour
 m - a +0 ring mail
 o - a +0 robe of resistance (worn)
Jewellery
 i - a +6 ring of intelligence (left hand)
 r - a ring of flight
 t - a ring of ice
 z - a ring of poison resistance (right hand)
 D - an amulet of guardian spirit
 E - a +6 ring of strength
 G - a +6 ring of strength
Wands
 y - a wand of roots (10)
Scrolls
 h - 7 scrolls of identify {unknown}
 l - 2 scrolls of immolation {unknown}
 p - 2 scrolls of magic mapping {unknown}
 q - 3 scrolls of teleportation {unknown}
 s - a scroll of brand weapon {unknown}
 x - a scroll of enchant weapon {unknown}
 A - a scroll of fear {unknown}
 F - a scroll of fog {unknown}
 H - a scroll of enchant armour {unknown}
Potions
 c - a potion of ambrosia
 f - a potion of mutation
 g - a potion of curing
 n - a potion of lignification {unknown}
 u - a potion of attraction {unknown}
 B - a potion of brilliance {unknown}
 C - a potion of flight {unknown}


   Skills:
 + Level 5.2 Fighting
 + Level 7.4 Long Blades
 + Level 0.4 Throwing
 - Level 1.8 Armour
 + Level 5.6 Dodging
 - Level 1.0 Spellcasting
 - Level 1.0 Conjurations
 * Level 3.0 Necromancy


You had 5 spell levels left.
You knew the following spells:

 Your Spells              Type           Power      Damage    Failure   Level
a - Kiss of Death         Conj/Necr      28%        2d7       10%         1
b - Vampiric Draining     Necr           11%        2d6       19%         3

Your spell library contained the following spells:

 Spells                   Type           Power      Damage    Failure   Level
 Necrotise                Necr           44%        1d6       6%          1
 Dispel Undead            Necr           11%        3d9       52%         4
 Confusing Touch          Hex            0%         N/A       54%         3
 Inner Flame              Hex/Fire       0%         N/A       54%         3
 Flame Wave               Conj/Fire      2%         2d4       86%         4
 Sticky Flame             Conj/Fire      2%         2d3       86%         4
 Agony                    Necr           11%        N/A       86%         5


Dungeon Overview and Level Annotations

Branches:
Dungeon (6/15) Zot: 1217
 Temple: D:4-7

Altars:
Gozag
Nemelex Xobeh
Qazlal
Vehumet
Wu Jian
Xom
Yredelemnul


Innate Abilities, Weirdness & Mutations

You passively map a small area around you.
You are easily found by Zot.
You glow in the dark.
You regain HP and MP as you explore.
You are weak. (Str -2)
You passively dampen the noise of your surroundings.


Message History

Found a shimmering altar of Xom and a sparkling altar of Nemelex Xobeh.
Found a faded altar of an unknown god.
Found a stormy altar of Qazlal.
Found an ornate altar of the Wu Jian Council.
There is a faded altar of an unknown god here.
This altar belongs to (a) Vehumet, (b) Makhleb or (c) Okawaru, but you can't tell which.
Press the corresponding letter to learn more about a god, or press enter to convert or escape to cancel.
Okay, then.
Unknown command.
Press < or > to pray at altars.
You barely miss the adder. The adder bites you but does no damage.
You closely miss the adder. The adder bites you but does no damage.
You barely miss the adder. The adder closely misses you.
You hit the adder.
The adder is lightly wounded.
The adder closely misses you.
You hit the adder.
The adder is heavily wounded.
You hit the adder but do no damage.
The adder is heavily wounded.
The adder misses you.
You hit the adder.
The adder is severely wounded.
The adder bites you but does no damage.
You closely miss the adder.
The adder is severely wounded.
The adder bites you.
You hit the adder.
You kill the adder!
You see here an adder corpse.
Your extra speed is starting to run out.
You feel yourself slow down.
Saving game... please wait.
Welcome back, monsoonserge the Meteoran Monk.
Press ? for a list of commands and other information.
Okay, then.
Sorry, you're not good enough to have a special ability.
Cast which spell? (? or * to list)
Okay, then.
Okay, then.
Are you sure you want to abandon this character and quit the game? (Confirm with "yes".)

.........g.......,
.......g......###, , ,
.............##_## , ,, ,
..........####...####,, ,
,, .........##...†.....##
,,
....S..###..##...##..###
*
..##.###_..###_._###.._#,
* . #.#####..#######..###
* * , +.....##.....@...##
, #......#####.#####., ,
,#[.........#'#..... < ,
, #........S..........,
#################### ** *
*


There were no monsters in sight!

Vanquished Creatures
  Sigmund (D:2)
  Edmund (D:5)
  Blork the orc (D:4)
  2 scorpions (D:4)
  A howler monkey (D:5)
  A hound (D:5)
  2 iguanas
  A scorpion zombie (D:5)
  A howler monkey zombie (D:5)
  2 gnolls (D:5)
  8 adders
  A white imp (D:5)
  A dart slug (D:2)
  2 orcs (D:3)
  4 ball pythons
  10 endoplasms
  4 giant cockroaches
  9 hobgoblins
  11 jackals
  4 bats
  4 frilled lizards
  A goblin (D:1)
  7 kobolds
  5 rats
84 creatures vanquished.

Notes
Turn   | Place    | Note
-------+----------+-------------------------------------------
     0 | D:1      | monsoonserge the Meteoran Monk began the quest for the Orb.
     0 | D:1      | Reached XP level 1. HP: 19/19 MP: 2/2
   131 | D:1      | Reached XP level 2. HP: 24/26 MP: 3/3
   278 | D:1      | Reached skill level 4 in Long Blades
   280 | D:1      | Reached XP level 3. HP: 23/33 MP: 4/4
   308 | D:1      | Learned a level 1 spell: Kiss of Death
   495 | D:2      | Noticed Sigmund
   505 | D:2      | Killed Sigmund
   506 | D:2      | Reached skill level 5 in Long Blades
   506 | D:2      | Reached skill level 1 in Armour
   506 | D:2      | Reached skill level 1 in Conjurations
   506 | D:2      | Reached skill level 1 in Necromancy
   506 | D:2      | Reached XP level 4. HP: 15/41 MP: 3/5
   506 | D:2      | Reached XP level 5. HP: 18/47 MP: 3/6
   506 | D:2      | Reached XP level 6. HP: 20/53 MP: 3/7
   897 | D:3      | Found a radiant altar of Vehumet.
  1470 | D:4      | Reached skill level 1 in Spellcasting
  1470 | D:4      | Noticed Blork the orc
  1482 | D:4      | Killed Blork the orc
  1483 | D:4      | Reached skill level 6 in Long Blades
  1483 | D:4      | Reached skill level 5 in Dodging
  1483 | D:4      | Reached XP level 7. HP: 7/50 MP: 6/9
  1538 | D:4      | Learned a level 3 spell: Vampiric Draining
  1960 | D:5      | Entered Level 5 of the Dungeon
  2008 | D:5      | Reached skill level 5 in Fighting
  2020 | D:5      | Found a basalt altar of Yredelemnul.
  2116 | D:5      | Reached XP level 8. HP: 42/68 MP: 10/10
  2162 | D:5      | Noticed Edmund
  2178 | D:5      | Killed Edmund
  2179 | D:5      | Reached skill level 7 in Long Blades
  2240 | D:5      | Found an opulent altar of Gozag.
  2330 | D:5      | Gained mutation: You are weak. (Str -2) [potion of
                  | mutation]
  2330 | D:5      | Gained mutation: You passively dampen the noise of your
                  | surroundings. [potion of mutation]
  2334 | D:5      | HP: 2/67 [gnoll/+0 whip (7)]
  2362 | D:6      | Found a shimmering altar of Xom.
  2362 | D:6      | Found a sparkling altar of Nemelex Xobeh.
  2367 | D:6      | Found a faded altar of an unknown god.
  2369 | D:6      | Found a stormy altar of Qazlal.
  2370 | D:6      | Found an ornate altar of the Wu Jian Council.
  2398 | D:6      | Quit the game

Illustrated notes

Levels and vault maps discovered:
D:1:      wander_arrival_lonely_grave, layout_basic, minivault_4,
          nrook_mini_backslash, amcnicky_mini_rare_corridor_liquid, fountainhead
D:2:      layout_loops_ring, uniq_sigmund, uniq_crazy_yiuf_cottage
D:3:      layout_basic, mainiacjoe_overflow_small_starburst
D:4:      layout_loops_ring, minmay_between, uniq_blork_the_orc
D:5:      layout_cave_pools, grunt_gozag_statues,
          lemuel_zombie_altar_yredelemnul, nrook_mini_vaults, uniq_edmund
D:6:      layout_gridville, bloody_makhleb, chequers_temple_overflow_minitemple,
          minmay_temple_entry_trees

Skill      XL: |  1  2  3  4  5  6  7  8 |
---------------+-------------------------+-----
Dodging        | 4 5 |  5.6
Long Blades    | 4 5 6 7 |  7.4
Fighting       | 4 5 |  5.2
Armour         | 1 |  1.8
Conjurations   | 1 |  1.0
Necromancy     | 1 2 3 |  3.0
Spellcasting   | 1 |  1.0
Throwing       | |  0.4

Action                     |  1- 3 |  4- 6 |  7- 9 || total
---------------------------+-------+-------+-------++-------
  Melee: Falchion          |    70 |    85 |   144 ||   299
  Throw: Boomerang         |     2 |       |       ||     2
         Dart              |       |     1 |     1 ||     2
   Cast: Kiss of Death     |     1 |     2 |     2 ||     5
         Vampiric Draining |       |       |     1 ||     1
    Use: Potion            |       |       |     3 ||     3
 Armour: Robe              |     2 |    17 |    17 ||    36
         Leather armour    |     5 |       |       ||     5
  Dodge: Dodged            |    34 |    54 |   106 ||   194
